Map: Cerulean Fall LE

Players

Ninja

  • Race: Protoss Protoss
  • Spawn Location: 1:00

GogojOey - Winner!

  • Race: Zerg Zerg
  • Spawn Location: 7:00

Event: WCS Montreal 2018

VOD

Have the link to the VOD?

Description

Time

  • Played on: Sept. 7, 2018, 2:16 p.m.
  • Length: 3:59

All games in this series

Show
View Real Time Build Order
Export as new Build Order

Ninja Protoss 

Build Orders:  

Get SALT Encoding   

  1  0:00  Probe  
  12  0:05  Probe  
  14  0:17  Pylon  
  14  0:22  Probe  
  16  0:35  Probe  
  16  0:38  Forge  
  16  0:47  Probe  
  17  0:59  Pylon, Probe  
  17  1:02  Assimilator  
  18  1:19  Assimilator  
  18  1:21  Photon Cannon  
  18  1:29  Gateway  
  18  1:32  Probe  
  19  1:38  Pylon  
  19  1:40  Probe  
  20  1:58  Photon Cannon  
  20  2:17  Cybernetics Core, Photon Cannon  
  20  2:29  Photon Cannon  
  20  2:38  Photon Cannon  
  20  2:47  Photon Cannon  
  20  2:57  Shield Battery  
  20  3:03  Robotics Facility  
  20  3:13  Shield Battery  
  20  3:19  Assimilator  
  18  3:29  Probe  
  18  3:30  Pylon  
  19  3:46  Probe  
  20  3:56  Robotics Facility  
Show
View Real Time Build Order
Export as new Build Order

GogojOey Zerg - Winner!

Build Orders: Pool First 

Get SALT Encoding   

  12  0:00  Drone  
  13  0:12  Overlord  
  13  0:17  Drone  
  14  0:30  Drone  
  14  0:31  Drone  
  14  0:34  Drone  
  17  0:44  Extractor  
  17  0:45  Drone  
  17  0:50  Spawning Pool  
  17  0:56  Drone  
  17  1:08  Drone  
  18  1:29  Hatchery  
  17  1:38  Zergling x4, Queen  
  21  1:43  Zergling x2  
  22  1:49  Metabolic Boost  
  22  1:57  Overlord  
  22  2:16  Spine Crawler  
  22  2:19  Zergling x4  
  22  2:22  Zergling x2  
  24  2:33  Zergling x2  
  25  2:41  Queen  
  25  2:42  Zergling x2  
  28  2:45  Zergling x2  
  28  2:54  Zergling x4  
  28  2:56  Queen  
  32  3:05  Zergling x4  
  34  3:19  Zergling x2  
  32  3:20  Zergling x2, Queen  
  31  3:28  Zergling x4  
  28  3:38  Zergling x4  
Tags
 
Add a new tag
Caveats
  • Supply blocks, unpowered buildings, or Contaminate may cause inaccurate times.
  • Supply counts are checked every 10 seconds.